 Dungeon Crawl Stone Soup version 0.30-a0-867-g305f33218d (webtiles) character file.

Game seed: 16515420620984876

8607 Leibowitz the Basher (level 11, -8/97 HPs)
             Began as a Minotaur Fighter on Mar 10, 2023.
             Was a High Priest of Okawaru.
             Mangled by an ice devil (13 damage)
             ... in an ice cave.
             The game lasted 00:31:04 (8865 turns).

Leibowitz the Basher (Minotaur Fighter)             Turns: 8865, Time: 00:31:05

Health: -8/97      AC: 17    Str: 25    XL:     11   Next: 12%
Magic:  10/10      EV: 18    Int:  5    God:    Okawaru [*****.]
Gold:   248        SH:  6    Dex: 16    Spells: 10/10 levels left

rFire   + . .      SeeInvis .    V - +0 morningstar (drain)
rCold   . . .      Faith    +    c - +0 buckler
rNeg    . . .      Spirit   .    Q - +4 scale mail {rF+}
rPois   .          Reflect  .    C - +2 hat
rElec   +          Rampage  .    y - +0 cloak of Fereh {rElec}
rCorr   .                        (no gloves)
Will    .....                    t - +0 pair of boots Stlth
                                 S - amulet of faith
HPRegen 0.36/turn                l - +5 ring of evasion
MPRegen 0.12/turn                o - +6 ring of dexterity

@: mighty
A: horns 2, retaliatory headbutt
a: Renounce Religion, Heroism, Finesse, Duel


You were in an ice cave.
You worshipped Okawaru.
Okawaru was extremely pleased with you.
You visited 2 branches of the dungeon, and saw 12 of its levels.
You also visited: Ossuary and Ice Cave.

You collected 832 gold pieces.
You spent 584 gold pieces at shops.

Inventory:

Hand Weapons
 J - a +0 whip of flaming
 T - the +4 dire flail of Okawaru's Benevolence {freeze, rElec rF+ Str+2 SInv}
   (Okawaru gifted it to you on level 10 of the Dungeon)

   Str:       It affects your strength (+2).
   rF:        It protects you from fire.
   rElec:     It insulates you from electricity.
   SInv:      It lets you see invisible.
 U - the +12 dagger "Zaduw" {freeze, *Noise rN+ Str+4}
   (You found it on level 10 of the Dungeon)

   Str:       It affects your strength (+4).
   rN:        It protects you from negative energy.
   *Noise:    It may make noises in combat.
 V - a +0 morningstar of draining (weapon)
Missiles
 j - 2 throwing nets (quivered)
 m - 24 poisoned darts
Armour
 c - a +0 buckler (worn)
 t - a +0 pair of boots (worn)
 y - the +0 cloak of Fereh (worn) {rElec}
   (You found it on level 4 of the Dungeon)

   rElec:     It insulates you from electricity.
 C - a +2 hat (worn)
 Q - a +4 scale mail of fire resistance (worn)
Jewellery
 l - a +5 ring of evasion (left hand)
 o - a +6 ring of dexterity (right hand)
 s - an amulet of regeneration
 S - an amulet of faith (around neck)
Wands
 p - a wand of polymorph (4)
 H - a wand of paralysis (6)
 R - a wand of mindburst (14)
Scrolls
 a - a scroll of fear {unknown}
 b - 9 scrolls of identify {unknown}
 f - 11 scrolls of teleportation {unknown}
 g - 3 scrolls of poison {unknown}
 h - 2 scrolls of enchant armour {unknown}
 i - 2 scrolls of fog {unknown}
 k - a scroll of blinking {unknown}
 u - 2 scrolls of acquirement {unknown}
 v - a scroll of amnesia {unknown}
 w - a scroll of silence {unknown}
 A - a scroll of butterflies {unknown}
 E - 3 scrolls of vulnerability {unknown}
 F - 3 scrolls of immolation {unknown}
 M - a scroll of magic mapping {unknown}
 N - 4 scrolls of noise {unknown}
 P - 2 scrolls of enchant weapon {unknown}
Potions
 d - 4 potions of might
 e - 3 potions of berserk rage {unknown}
 n - 3 potions of degeneration {unknown}
 q - 5 potions of magic {unknown}
 r - 4 potions of mutation {unknown}
 x - a potion of brilliance {unknown}
 z - 2 potions of invisibility {unknown}
 B - 2 potions of attraction {unknown}
 D - 4 potions of curing
 G - 4 potions of flight {unknown}
 I - a potion of ambrosia {unknown}
 K - a potion of cancellation {unknown}
 L - a potion of resistance {unknown}
 O - 2 potions of haste {unknown}


   Skills:
 * Level 9.2 Fighting
 * Level 13.6 Maces & Flails
 * Level 9.3 Armour
 * Level 6.5 Dodging
 * Level 8.1 Shields


You had 10 spell levels left.
You didn't know any spells.
Your spell library contained the following spells:

 Spells                   Type           Power      Damage    Failure   Level
 Apportation              Tloc           0%         N/A       80%         1
 Dazzling Flash           Conj/Hex       0%         N/A       99%         3
 Manifold Assault         Tloc           0%         N/A       100%        4
 Agony                    Necr           0%         N/A       100%        5
 Alistair's Intoxication  Tmut/Pois      0%         N/A       100%        5
 Freezing Cloud           Conj/Ice/Air   0%         6-21      100%        5
 Silence                  Hex/Air        0%         N/A       100%        5
 Dispersal                Tloc           0%         N/A       100%        6
 Disjunction              Tloc           0%         N/A       100%        8
 Polar Vortex             Ice            0%         N/A       100%        9
 Simulacrum               Ice/Necr       Unusable   N/A       N/A         6

Dungeon Overview and Level Annotations

Branches:
Dungeon (11/15)            Temple (1/1) D:5             Orc (0/2) D:9
Ossuary (visited)           IceCv (1/1)
   Lair: D:8-11

Altars:
Ashenzari
Cheibriados
Dithmenos
Elyvilon
Fedhas
Gozag
Hepliaklqana
Kikubaaqudgha
Makhleb
Nemelex Xobeh
Okawaru
Qazlal
Ru
Sif Muna
Trog
Uskayaw
Vehumet
Wu Jian
Xom
Yredelemnul
Zin
The Shining One

Shops:
D:3 [   D:5 !   D:6 ?   D:8 (!=(*   D:9 (

Annotations:
D:3 2 runed translucent doors, spaztic's ghost, amateur KoHu


Innate Abilities, Weirdness & Mutations

You have a pair of horns on your head.
You reflexively headbutt those who attack you in melee.


Message History

The freezing wraith completely misses you.
You block the freezing wraith's attack.
You hit the freezing wraith.
The freezing wraith is almost destroyed.
The freezing wraith barely misses you. You furiously retaliate!
You headbutt the freezing wraith.
You destroy the freezing wraith!
Okawaru accepts your kill.
You hit the ice devil.
The ice devil is lightly wounded.
The ice devil barely misses you. You furiously retaliate!
You headbutt the ice devil. The ice devil hits you! The ice devil freezes you!
* * * LOW HITPOINT WARNING * * *
You hit the ice devil.
The ice devil is moderately wounded.
You block the ice devil's attack.
You barely miss the ice devil. Your headbutt misses the ice devil.
The ice devil is moderately wounded.
The ice devil misses you.
You barely miss the ice devil.
The ice devil is moderately wounded.
The ice devil hits you but does no damage.
You hit the ice devil but do no damage.
The ice devil is moderately wounded.
The ice devil hits you but does no damage.
The ice devil hits you!
* * * LOW HITPOINT WARNING * * *
The ice devil freezes you!
* * * LOW HITPOINT WARNING * * *
You feel very mighty all of a sudden.
You feel yourself speed up. The ice devil completely misses you.
You completely miss the ice devil.
The ice devil is moderately wounded.
You block the ice devil's attack.
You barely miss the ice devil.
The ice devil is moderately wounded.
The ice devil hits you.
* * * LOW HITPOINT WARNING * * *
The ice devil freezes you!
You die...

######
###....##
###.......#
##...###..##
##...###..##
##...###..##
###...###...#
##....##
#..## #
#..@.##
#...### ###
#.4###
##....###..
#...#
##........
##...#
####.....
###... ##....
##.. ##...
#... ##.# ##.
### #


You could see an ice devil.

Vanquished Creatures
  Pikel (D:5)
  An orc knight (D:10)
  An elephant (D:11)
  A komodo dragon (D:11)
  A freezing wraith (IceCv)
  An ice devil (IceCv)
  2 trolls
  A hornet (D:9)
  A wyvern (D:10)
  A wraith (D:10)
  A basilisk (D:11)
  Grum (D:9)
  Menkaure (D:7)
  2 acid dragons (D:10)
  2 water moccasins
  A hydra simulacrum (IceCv)
  2 orc warriors
  Duvessa (D:7)
  2 black bears
  An ice beast (D:8)
  3 wolves
  3 ogres
  2 centaurs (D:8)
  A phantom (D:4)
  A lemure (D:5)
  3 kobold brigands
  Blork the orc (D:6)
  A bullfrog (D:7)
  3 two-headed ogre simulacra (IceCv)
  A gnoll sergeant (D:9)
  2 cane toad simulacra (IceCv)
  2 scorpions
  Dowan (D:7)
  4 elephant simulacra (IceCv)
  10 killer bees
  4 electric eels (D:9)
  5 howler monkeys
  4 hounds
  A gnoll bouda (D:9)
  12 orc priests
  3 jellies
  6 iguanas
  11 orc wizards
  Ijyb (D:3)
  3 polar bear simulacra (IceCv)
  8 mummies (Ossuary)
  22 gnolls
  A naga simulacrum (IceCv)
  9 adders
  A white imp (D:5)
  2 ufetubi
  2 worms (D:4)
  50 orcs
  5 ball pythons
  7 bats
  4 endoplasms
  3 giant cockroaches
  6 hobgoblins
  8 jackals
  17 kobolds
  5 quokkas
  5 frilled lizards
  6 goblins
  2 hobgoblin zombies (Ossuary)
  2 kobold zombies (Ossuary)
  4 orc zombies (Ossuary)
  7 rats
289 creatures vanquished.

Notes
Turn   | Place    | Note
-------+----------+-------------------------------------------
     0 | D:1      | Leibowitz the Minotaur Fighter began the quest for the Orb.
     0 | D:1      | Reached XP level 1. HP: 19/19 MP: 0/0
   159 | D:1      | Reached XP level 2. HP: 5/27 MP: 1/1
   513 | D:1      | Reached XP level 3. HP: 30/33 MP: 2/2
   674 | D:2      | Found a faded altar of an unknown god.
  1330 | D:2      | Reached skill level 3 in Maces & Flails
  1573 | D:2      | Reached XP level 4. HP: 28/40 MP: 3/3
  1678 | D:3      | Noticed Ijyb
  1685 | D:3      | Killed Ijyb
  1686 | D:3      | Reached skill level 1 in Dodging
  1697 | D:3      | Found a runed translucent door.
  1699 | D:3      | Noticed a bullfrog
  1700 | D:3      | Noticed spaztic's ghost (amateur KoHu)
  1995 | D:3      | Found Nicirydd's Armour Emporium.
  2244 | D:3      | Reached skill level 4 in Maces & Flails
  2265 | D:3      | Reached XP level 5. HP: 41/47 MP: 4/4
  2415 | D:3      | Found a runed translucent door.
  2529 | D:4      | Identified the +0 cloak of Fereh {rElec}
  2653 | D:4      | Reached skill level 5 in Armour
  2684 | D:4      | Reached skill level 5 in Maces & Flails
  2684 | D:4      | Reached XP level 6. HP: 53/53 MP: 5/5
  2990 | D:4      | Reached skill level 6 in Maces & Flails
  3136 | D:5      | Entered Level 5 of the Dungeon
  3143 | D:5      | Found a staircase to the Ecumenical Temple.
  3159 | Temple   | Entered the Ecumenical Temple
  3244 | Temple   | Became a worshipper of Warmaster Okawaru
  3278 | D:5      | Reached XP level 7. HP: 55/60 MP: 6/6
  3291 | D:5      | Found a sacrificial altar of Ru.
  3339 | D:5      | Noticed Pikel
  3354 | D:4      | Reached skill level 5 in Fighting
  3414 | D:5      | Found Weecafiyl's Distillery.
  3418 | D:5      | Bought a potion of curing for 39 gold pieces
  3418 | D:5      | Bought a potion of heal wounds for 65 gold pieces
  3504 | D:5      | Reached skill level 5 in Shields
  3771 | D:5      | Reached skill level 7 in Maces & Flails
  3879 | D:5      | Killed Pikel
  3879 | D:5      | Reached * piety under Okawaru
  3880 | D:5      | Reached skill level 8 in Maces & Flails
  3880 | D:5      | Reached XP level 8. HP: 60/70 MP: 7/7
  4112 | D:6      | Noticed Blork the orc
  4118 | D:6      | Killed Blork the orc
  4243 | D:6      | Found a sand-covered staircase.
  4247 | Ossuary  | Entered an ossuary
  4485 | D:6      | Reached skill level 9 in Maces & Flails
  4534 | D:6      | Reached ** piety under Okawaru
  4635 | D:6      | Reached XP level 9. HP: 75/75 MP: 8/8
  4669 | D:6      | Found Tidgh's Magic Scroll Shop.
  4817 | D:7      | Reached skill level 10 in Maces & Flails
  4986 | D:7      | Found an ancient bone altar of Kikubaaqudgha.
  5029 | D:7      | Noticed Duvessa
  5029 | D:7      | Noticed Dowan
  5041 | D:7      | Killed Duvessa
  5049 | D:7      | Killed Dowan
  5101 | D:7      | Reached *** piety under Okawaru
  5269 | D:7      | Noticed Menkaure
  5283 | D:7      | Killed Menkaure
  5284 | D:7      | Reached skill level 5 in Dodging
  5407 | D:7      | Reached skill level 11 in Maces & Flails
  5628 | D:8      | Found Usmumpet's Weapon Shop.
  5675 | D:8      | Found Letoch's Jewellery Boutique.
  5706 | D:8      | Found a glowing silver altar of Zin.
  5839 | D:8      | Found Ceptoshre's Distillery.
  5978 | D:8      | Bought an amulet of faith for 480 gold pieces
  6011 | D:8      | Found Borch's Weapon Shop.
  6068 | D:8      | Found a hide-covered altar of Uskayaw.
  6181 | D:8      | Found Quireor's Assorted Antiques.
  6303 | D:9      | Noticed Grum
  6310 | D:8      | Reached **** piety under Okawaru
  6325 | D:9      | Reached XP level 10. HP: 80/86 MP: 9/9
  6333 | D:9      | Killed Grum
  6516 | D:9      | Found a bloodstained altar of Trog.
  6611 | D:9      | Found a snail-covered altar of Cheibriados.
  6631 | D:9      | Found a radiant altar of Vehumet.
  6671 | D:9      | Found Mauloseu's Antique Weapon Boutique.
  6708 | D:9      | Reached skill level 12 in Maces & Flails
  6812 | D:9      | Reached ***** piety under Okawaru
  6941 | D:9      | Found a staircase to the Orcish Mines.
  7199 | D:10     | Entered Level 10 of the Dungeon
  7254 | D:10     | Identified the +4 dire flail of Okawaru's Benevolence
                  | {freeze, rElec rF+ Str+2 SInv} (Okawaru gifted it to you on
                  | level 10 of the Dungeon)
  7254 | D:10     | Received a gift from Okawaru
  7565 | D:10     | Found a shimmering blue altar of Sif Muna.
  7637 | D:10     | Identified the +12 dagger "Zaduw" {freeze, *Noise rN+
                  | Str+4}
  8131 | D:11     | Noticed an orc knight
  8131 | D:11     | Noticed an elephant
  8165 | D:10     | Killed an orc knight
  8178 | D:11     | Reached skill level 13 in Maces & Flails
  8179 | D:11     | Received a gift from Okawaru
  8183 | D:11     | Killed an elephant
  8454 | D:11     | Found a frozen archway.
  8478 | IceCv    | Entered an ice cave
  8639 | IceCv    | Reached XP level 11. HP: 97/97 MP: 10/10
  8865 | IceCv    | Mangled by an ice devil

Illustrated notes

Levels and vault maps discovered:
D:1:      dpeg_arrival_chambers_temple_mockup, layout_rooms, eino_curves_03,
          minmay_misc_feat_more_columns, kennysheep_another_room,
          chequers_serial_rivers_room_a
D:2:      layout_loops_corners, basic_ecumenical_altar, supply_closet_lemuel,
          chequers_garden, minmay_shallow_snake_nest
D:3:      layout_basic, ebering_ghost_sewer_f, serial_shops, shop, uniq_ijyb
D:4:      layout_basic, mrwooster_statue_mirror
D:5:      layout_rooms, hangedman_ru_absence, minmay_temple_entry_waves,
          serial_shops, nicolae_shop_statue_plus, minmay_stone_trees_medium,
          uniq_pikel
D:6:      layout_basic, serial_shops, shop, enter_ossuary_5, uniq_blork_the_orc
D:7:      layout_loops_ring, mainiacjoe_overflow_alcove_4, uniq_menkaure,
          uniq_duvessa
D:8:      layout_loops_cross, general_overflow_altar, mainiacjoe_overflow_paths,
          serial_shops, kennysheep_mini_moat, nicolae_shop_hallway_stairs, shop,
          nicolae_shop_bloodbath_and_beyond,
          nicolae_shop_temple_entry_statues_fountains
D:9:      layout_basic, mainiacjoe_overflow_catwalk, overflow_temple_1_default,
          trog_book, hiddenorc1_lemuel, serial_shops, shop, uniq_grum
D:10:     layout_stronghold, amcnicky_altar_gilded
D:11:     layout_cave_pools, david_lair_generic,
          portal_ice_cave_entry_pillars_1, grunt_ministairs_15
Temple:   compressed_dpeg_circular_temple
IceCv:    ice_cave_small_necro

Skill      XL: |  1  2  3  4  5  6  7  8  9 10 |
---------------+-------------------------------+-----
Armour         | 4 5 6 8 9 |  9.3
Shields        | 4 5 7 8 |  8.1
Fighting       | 4 5 6 7 9 |  9.2
Maces & Flails | 3 4 5 6 8 9 11 13 | 13.6
Dodging        | 1 2 3 4 5 6 |  6.5

Action                     |  1- 3 |  4- 6 |  7- 9 | 10-12 || total
---------------------------+-------+-------+-------+-------++-------
  Melee: Flail             |    99 |   160 |   383 |   113 ||   755
         Headbutt          |     8 |    26 |    63 |    59 ||   156
         Dire flail        |       |       |       |    51 ||    51
         Morningstar       |       |       |       |    75 ||    75
 Invoke: Heroism           |       |       |     1 |       ||     1
  Evoke: Wand              |       |       |     1 |       ||     1
    Use: Potion            |       |       |     1 |     2 ||     3
   Stab: Paralysed         |       |       |     2 |       ||     2
 Armour: Scale mail        |    29 |       |    50 |   106 ||   185
         Chain mail        |    23 |    53 |    98 |       ||   174
  Dodge: Dodged            |    63 |    97 |   219 |   215 ||   594
  Block: Buckler           |    29 |    24 |    63 |    39 ||   155

Table legend: (Time is in decaauts)
 A = Elapsed time spent in this place.
 B = Non-inter-level travel time spent in this place.
 C = Inter-level travel time spent in this place.
 D = Time resting spent in this place.
 E = Time spent auto-exploring this place.
 F = Levels seen in this place.
 G = Mean time per level.
                   A        B        C        D        E       F      G
               +--------+--------+--------+--------+--------+-----+--------+
         Total |   8875 |   8580 |    295 |    326 |   5708 |  14 |  633.9 |
       Dungeon |   8207 |   7926 |    281 |     87 |   5546 |  11 |  746.1 |
        Temple |     91 |     77 |     14 |      0 |     64 |   1 |   91.0 |
       Ossuary |    193 |    193 |      0 |      0 |     78 |   1 |  193.0 |
      Ice Cave |    383 |    383 |      0 |    238 |     20 |   1 |  383.0 |
               +--------+--------+--------+--------+--------+-----+--------+

Top non-repeatable levels by time:
     D:2: 994 daAuts
    D:10: 908 daAuts
     D:3: 889 daAuts
     D:9: 869 daAuts
     D:7: 801 daAuts
     D:5: 773 daAuts
     D:4: 712 daAuts
     D:1: 685 daAuts
     D:8: 681 daAuts
     D:6: 539 daAuts
   IceCv: 383 daAuts
    D:11: 351 daAuts
 Ossuary: 193 daAuts
  Temple: 91 daAuts
